 Dungeon Crawl Stone Soup version 0.31-a0-971-g75a2e9a4b4 (webtiles) character file.

Game seed: 6453809793225225033

72 Dordric the Changeling (level 4, -1/28 HPs)
             Began as an Octopode Shapeshifter on Oct 28, 2023.
             Slain by a rat (2 damage)
             ... on level 2 of the Dungeon.
             The game lasted 00:01:07 (1259 turns).

Dordric the Changeling (Octopode Shapeshifter)      Turns: 1259, Time: 00:01:08

Health: -1/28      AC:  1    Str: 13    XL:     4   Next: 26%
Magic:  4/4        EV: 13    Int: 12    God:
Gold:   82         SH:  0    Dex: 13    Spells: 3/3 levels left

rFire   . .          .
                       - Unarmed
rCold   . . .        (no shield)
rNeg    . . .        (helmet currently unavailable)
rPois   .            (no amulet)
rElec   .            (no ring)
rCorr   .            (no ring)
SInv    .            (no ring)
Will    .....        (no ring)
Stlth   ++           (no ring)
HPRegen 0.24/turn    (no ring)
MPRegen 0.09/turn    (no ring)
                     (no ring)

%: no passive effects
@: beast-form
A: beast (slay +2), almost no armour, amphibious, 8 rings, camouflage 1,
gelatinous body 1, (nimble swimmer 1), tentacles
a: Begin Untransformation


You were on level 2 of the Dungeon.
You were a hulking beast.
You visited 1 branch of the dungeon, and saw 2 of its levels.

You collected 82 gold pieces.

Inventory:

Jewellery
 f - a +4 ring of protection
Talismans
 b - a beast talisman
 c - a flux talisman
Scrolls
 e - a scroll of blinking {unknown}
 h - a scroll of fog {unknown}
 i - a scroll of noise {unknown}
 j - a scroll of identify {unknown}
Potions
 a - a potion of lignification
 d - a potion of brilliance {unknown}
 g - a potion of haste {unknown}


   Skills:
 - Level 1.0 Fighting
 - Level 2.0 Dodging
 - Level 3.0 Unarmed Combat
 + Level 4.7 Shapeshifting


You had 3 spell levels left.
You didn't know any spells.
Your spell library contained the following spells:

 Spells                   Type           Power      Damage    Failure   Level
 Magic Dart               Conj           0%         1d3       32%         1
 Call Imp                 Summ           0%         N/A       45%         2
 Mephitic Cloud           Conj/Pois/Air  0%         N/A       69%         3


Dungeon Overview and Level Annotations

Branches:
Dungeon (2/15)

Altars:


Innate Abilities, Weirdness & Mutations

You are a hulking beast.
Your limbs bulge with bestial killing power. (Slay +2)
You cannot wear most types of armour.
You are amphibious.
You can wear up to eight rings at the same time.
Your skin changes colour to match your surroundings (Stealth+).
Your rubbery body absorbs attacks. (AC +1, EV +1)
((You are camouflaged when in or above water. (Stealth+)))
You have tentacles for arms and can constrict up to eight enemies at once.


Message History

The rat closely misses you. The adder misses you.
You tentacle-slap the adder. You grab the adder.
You squeeze the adder, but do no damage.
The adder is heavily wounded.
You constrict the adder.
Jessica shouts, "You are a ghastly nuisance!"
Jessica gestures wildly while chanting.
Jessica blinks!
The rat barely misses you. The rat bites you.
The adder bites you but does no damage. Jessica hits you with a +0 dagger.
You are too injured to fight recklessly!
You are too injured to fight recklessly!
You release your grip on the adder.
The adder bites you. The rat closely misses you.
Jessica gestures wildly.
The adder bites you.
* * * LOW HITPOINT WARNING * * *
Jessica completely misses you. The adder barely misses you.
You tentacle-slap Jessica. Your grab misses Jessica.
Jessica is heavily wounded.
Jessica hits you but does no damage.
Jessica mumbles some strange words.
Jessica blinks!
You swing at nothing.
You closely miss the rat. You grab the rat. You constrict the rat.
The rat bites you but does no damage.
You tentacle-slap the rat.
You kill the rat!
Jessica gestures at you while chanting.
You barely resist. You tentacle-slap Jessica. Your grab misses Jessica.
Jessica is almost dead.
Jessica hits you with a +0 dagger.
* * * LOW HITPOINT WARNING * * *
The rat barely misses you. Jessica hits you with a +0 dagger.
* * * LOW HITPOINT WARNING * * *
You tentacle-slap Jessica but do no damage.
You grab Jessica. You squeeze Jessica.
You kill Jessica!
The rat bites you.
You die...

.>... .....
.........?...
................... #
........#..#...... .#
...........#........#
................#..
...[....#.....SS.
.#####>.......S####
## #....)...rh.#
#.......###)# #
###.....#.# ...
#####...###.#.# .....
........##..#.#
.......
.###....##.##.#
.......
.###.##.##.##..
.......
....†.)....##.#
.......
..............#


You could see an adder and a rat.

Vanquished Creatures
  Jessica (D:2)
  3 gnolls
  An adder (D:2)
  2 bats (D:2)
  6 endoplasms
  A giant cockroach (D:1)
  3 goblins
  3 hobgoblins (D:1)
  A quokka (D:1)
  4 ball pythons
  2 frilled lizards
  3 kobolds
  7 rats
37 creatures vanquished.

Notes
Turn   | Place    | Note
-------+----------+-------------------------------------------
     0 | D:1      | Dordric the Octopode Shapeshifter began the quest for the
                  | Orb.
     0 | D:1      | Reached XP level 1. HP: 13/13 MP: 1/1
   229 | D:1      | Reached XP level 2. HP: 18/18 MP: 2/2
   946 | D:1      | Reached skill level 4 in Shapeshifting
   946 | D:1      | Reached XP level 3. HP: 16/23 MP: 3/3
  1131 | D:2      | Reached XP level 4. HP: 28/28 MP: 4/4
  1244 | D:2      | Noticed Jessica
  1258 | D:2      | HP: 1/28 [Jessica/+0 dagger (3)]
  1259 | D:2      | Killed Jessica
  1259 | D:2      | Slain by a rat

Illustrated notes

Levels and vault maps discovered:
D:1:      saegor_arrival_miasma, layout_basic
D:2:      layout_rooms, hellmonk_ecumenical_altar_arch_garden, uniq_jessica

Skill      XL: |  1  2 |
---------------+-------+-----
Shapeshifting  | 4 |  4.7
Fighting       | |  1.0
Dodging        | |  2.0
Unarmed Combat | |  3.0

Action                     |  1- 3 |  4- 6 || total
---------------------------+-------+-------++-------
  Melee: Unarmed           |    49 |    23 ||    72
         Constrict         |    14 |     5 ||    19
         Tentacles         |    11 |     2 ||    13
   Stab: Sleeping          |     3 |     1 ||     4
 Armour: Skin              |    17 |    18 ||    35
  Dodge: Dodged            |    36 |    16 ||    52

Table legend: (Time is in decaauts)
 A = Elapsed time spent in this place.
 B = Non-inter-level travel time spent in this place.
 C = Inter-level travel time spent in this place.
 D = Time resting spent in this place.
 E = Time spent auto-exploring this place.
 F = Levels seen in this place.
 G = Mean time per level.
                   A        B        C        D        E       F      G
               +--------+--------+--------+--------+--------+-----+--------+
         Total |   1256 |   1216 |     40 |     68 |    919 |   2 |  628.0 |
       Dungeon |   1256 |   1216 |     40 |     68 |    919 |   2 |  628.0 |
               +--------+--------+--------+--------+--------+-----+--------+

Top non-repeatable levels by time:
     D:1: 1008 daAuts
     D:2: 248 daAuts
